 Dungeon Crawl Stone Soup version 0.29-a0-321-gf1c400731a (webtiles) character file.

Game seed: 11880869823340116529

165 Ajdolov the Ogre Mage (level 5, -2/54 HPs)
             Began as an Ogre Fire Elementalist on Apr 3, 2022.
             Slain by Edmund
             ... wielding a +0 flail of holy wrath
              (7 damage)
             ... on level 4 of the Dungeon.
             The game lasted 00:05:54 (4098 turns).

Ajdolov the Ogre Mage (Ogre Fire Elementalist)      Turns: 4098, Time: 00:05:55

Health: -2/54      AC:  4    Str: 12    XL:     5   Next: 46%
Magic:  6/11       EV:  9    Int: 24    God:
Gold:   125        SH:  0    Dex:  9    Spells: 9/12 levels left

rFire   . . .      SeeInvis .   f - +4 quarterstaff (chaos)
rCold   . . .      Faith    .   (shield currently unavailable)
rNeg    . . .      Spirit   .   a - +0 robe
rPois   .          Reflect  .   (helmet restricted)
rElec   .          Harm     .   s - +0 cloak
rCorr   +          Rampage  .   (gloves unavailable)
Will    .....                   (boots unavailable)
Stlth   +.........              (no amulet)
HPRegen 0.18/turn               e - +6 ring of intelligence
MPRegen 0.12/turn               g - ring of resist corrosion

@: no status effects
A: large, unfitting armour, tough skin 1
a: no special abilities


You were on level 4 of the Dungeon.
You visited 1 branch of the dungeon, and saw 4 of its levels.

You collected 147 gold pieces.
You spent 22 gold pieces at shops.

Inventory:

Hand Weapons
 f - a +4 quarterstaff of chaos (weapon)
Armour
 a - a +0 robe (worn)
 s - a +0 cloak (worn)
Jewellery
 e - a +6 ring of intelligence (left hand)
 g - a ring of resist corrosion (right hand)
Scrolls
 k - a scroll of holy word
 m - a scroll of fear {unknown}
 n - a scroll of noise {unknown}
 o - a scroll of enchant armour {unknown}
 p - a scroll of torment
 r - a scroll of magic mapping {unknown}
 t - a scroll of teleportation
Potions
 b - a potion of magic
 c - a potion of curing
 d - 3 potions of brilliance {unknown}
 h - 2 potions of flight {unknown}
 i - a potion of heal wounds {unknown}
 j - a potion of attraction {unknown}
 l - a potion of berserk rage
 q - a potion of ambrosia {unknown}


   Skills:
 * Level 4.0 Fighting
 - Level 1.7 Dodging
 - Level 1.4 Stealth
 * Level 4.2 Spellcasting
 - Level 0.8 Conjurations
 + Level 3.4 Fire Magic


You had 9 spell levels left.
You knew the following spells:

 Your Spells              Type           Power      Damage    Failure   Level
a - Foxfire               Conj/Fire      60%        2x1d7     4%          1
b - Scorch                Fire           42%        2d7       3%          2

Your spell library contained the following spells:

 Spells                   Type           Power      Damage    Failure   Level
 Conjure Flame            Conj/Fire      15%        6-21      12%         3
 Corpse Rot               Necr/Air       10%        N/A       14%         2
 Poisonous Vapours        Pois/Air       10%        N/A       14%         2
 Inner Flame              Hex/Fire       13%        N/A       14%         3
 Flame Wave               Conj/Fire      15%        2d6       36%         4


Dungeon Overview and Level Annotations

Branches:
Dungeon (4/15)
 Temple: D:4-7

Altars:
Gozag

Shops:
D:2 ?

Annotations:
D:4 Edmund


Innate Abilities, Weirdness & Mutations

You are too large for most types of armour.
You have tough skin. (AC +1)


Message History

Edmund is heavily wounded.
Edmund hits you with a +0 flail of holy wrath!
You closely miss Edmund.
Edmund is heavily wounded.
The orc is no longer more vulnerable to fire.
Edmund barely misses you.
You hit Edmund.
Edmund is heavily wounded.
Edmund drinks a potion.
Edmund is healed!
You sock Edmund! You burn Edmund.
Edmund is heavily wounded.
Edmund closely misses you.
Edmund hits you with a +0 flail of holy wrath.
You hit Edmund.
Edmund seems to speed up.
Edmund is severely wounded.
Edmund hits you with a +0 flail of holy wrath! x2
You barely miss Edmund.
Edmund is severely wounded.
Edmund closely misses you.
You hit Edmund. You burn Edmund.
Edmund is almost dead.
Edmund barely misses you.
Edmund hits you with a +0 flail of holy wrath.
You barely miss Edmund.
Edmund is almost dead.
Edmund barely misses you.
Edmund hits you with a +0 flail of holy wrath!
You barely miss Edmund.
Edmund is almost dead.
Edmund is no longer more vulnerable to fire.
Edmund hits you with a +0 flail of holy wrath!
* * * LOW HITPOINT WARNING * * *
Edmund hits you with a +0 flail of holy wrath.
* * * LOW HITPOINT WARNING * * *
You are too injured to fight recklessly!
Unknown command.
You hit Edmund.
Edmund is almost dead.
Edmund hits you with a +0 flail of holy wrath!
You die...

######
#....#######
#.##...o@@.#
######.########.#
..............##.#
#######@#####.##.#
.o.. ##.#####
#....# #......#
#@.... ######.#
.o..... #.#
#####... #(#


You could see Edmund (fast) and an orc.

Vanquished Creatures
  Crazy Yiuf (D:2)
  4 gnolls (D:3)
  5 adders
  A worm (D:2)
  A dart slug (D:4)
  5 ball pythons
  8 endoplasms
  3 giant cockroaches
  2 goblins (D:3)
  6 hobgoblins
  4 kobolds
  A quokka (D:1)
  4 bats
  2 frilled lizards (D:2)
  3 rats
50 creatures vanquished.

Vanquished Creatures (others)
  19 foxfires (D:1)
19 creatures vanquished.

Grand Total: 69 creatures vanquished

Notes
Turn   | Place    | Note
-------+----------+-------------------------------------------
     0 | D:1      | Ajdolov the Ogre Fire Elementalist began the quest for the
                  | Orb.
     0 | D:1      | Reached XP level 1. HP: 16/16 MP: 3/3
   295 | D:1      | Reached skill level 1 in Fighting
   397 | D:1      | Reached XP level 2. HP: 23/27 MP: 2/5
   589 | D:1      | Learned a level 2 spell: Scorch
  1412 | D:2      | Reached XP level 3. HP: 35/35 MP: 4/7
  1721 | D:2      | Identified the +0 chain mail "Fehaabriri" {rF+ rC+}
  1916 | D:2      | Identified the +2 scale mail of Zen Ycitz {+Inv}
  2415 | D:2      | Found Fepoot's Magic Scroll Emporium.
  2423 | D:2      | Bought a scroll of identify for 22 gold pieces
  2457 | D:2      | Found a runed translucent door.
  2458 | D:2      | Noticed Crazy Yiuf
  2584 | D:2      | Found a faded altar of an unknown god.
  2642 | D:2      | Reached XP level 4. HP: 41/44 MP: 3/9
  2773 | D:2      | Killed Crazy Yiuf
  3288 | D:3      | Reached XP level 5. HP: 48/53 MP: 9/11
  3500 | D:3      | Found an opulent altar of Gozag.
  4075 | D:4      | Noticed Edmund
  4098 | D:4      | Slain by Edmund

Illustrated notes

Levels and vault maps discovered:
D:1:      eino_arrival_water_star, layout_basic, minmay_tripent
D:2:      layout_loops_corners, serial_shops, shop,
          shapermc_ecumenical_altar_mp_vishouse, kennysheep_generic_room_14,
          uniq_crazy_yiuf_cottage
D:3:      layout_loops_cross, grunt_gozag_statues, kennysheep_generic_room_3
D:4:      layout_basic, gup_sewer_entry_glass, uniq_duvessa, uniq_edmund,
          uniq_ijyb

Skill      XL: |  1  2  3  4  5 |
---------------+----------------+-----
Fighting       | 1 2 3 4 |  4.0
Spellcasting   | 3 4 |  4.2
Fire Magic     | 3 |  3.4
Dodging        | |  1.7
Stealth        | |  1.4
Conjurations   | |  0.8

Action                   |  1- 3 |  4- 6 || total
-------------------------+-------+-------++-------
Melee: Unarmed           |    10 |       ||    10
       Dagger            |    47 |       ||    47
       Quarterstaff      |       |    29 ||    29
 Cast: Foxfire           |    12 |       ||    12
       Scorch            |    25 |    16 ||    41
  Use: Scroll            |     3 |     1 ||     4
 Stab: Sleeping          |     2 |     1 ||     3
Armor: Robe              |    23 |     8 ||    31
Dodge: Dodged            |    18 |    11 ||    29

Table legend: (Time is in decaauts)
 A = Elapsed time spent in this place.
 B = Non-inter-level travel time spent in this place.
 C = Inter-level travel time spent in this place.
 D = Time resting spent in this place.
 E = Time spent auto-exploring this place.
 F = Levels seen in this place.
 G = Mean time per level.
                   A        B        C        D        E       F      G
               +--------+--------+--------+--------+--------+-----+--------+
         Total |   4104 |   4010 |     94 |    319 |   3249 |   4 | 1026.0 |
       Dungeon |   4104 |   4010 |     94 |    319 |   3249 |   4 | 1026.0 |
               +--------+--------+--------+--------+--------+-----+--------+

Top non-repeatable levels by time:
     D:2: 1723 daAuts
     D:1: 1238 daAuts
     D:3: 1044 daAuts
     D:4: 98 daAuts
